 Dungeon Crawl Stone Soup version 0.17-a0-1508-ge7f3dc3 (webtiles) character file.

1172 patman the Basher (level 8, -2/46 HPs)
             Began as a Gargoyle Berserker on July 10, 2015.
             Was a Priest of Trog.
             Engulfed by a cloud of flame (8 damage)
             ... on level 5 of the Dungeon.
             The game lasted 00:06:03 (1496 turns).

patman the Basher (Gargoyle Berserker)              Turns: 1496, Time: 00:06:03

Health: -2/46      AC: 10    Str: 22    XL:     8   Next: 41%
Magic:  8/8        EV: 11    Int:  7    God:    Trog [***...]
Gold:   93         SH:  0    Dex: 11    Spells: 0 memorised, 7 levels left

rFire  . . .     SeeInvis .     f - +0 mace (holy)
rCold  . . .     Clarity  +     k - +0 ring mail
rNeg   + . .     SustAt   .     (no shield)
rPois  ∞         Gourm    .     (no helmet)
rElec  +         Spirit   .     (no cloak)
rCorr  .         Warding  .     (no gloves)
rMut   .         Stasis   .     (no boots)
MR     .....                    p - amulet of clarity
Stlth  +.........               (no ring)
                                (no ring)

@: not resistant to hostile enchantments, very unstealthy
A: negative energy resistance 1, electricity resistance, unbreathing,
petrification resistance, rot immunity, AC +5
a: Burn Spellbooks, Berserk, Trog's Hand, Renounce Religion


You were on level 5 of the Dungeon.
You worshipped Trog.
Trog was most pleased with you.
You were hungry.

You visited 1 branch of the dungeon, and saw 5 of its levels.
You also visited: Sewer.

You collected 156 gold pieces.
You spent 63 gold pieces at shops.

Inventory:

Hand weapons
 a - a +0 mace
 f - a +0 mace of holy wrath (weapon)
Missiles
 d - 32 stones
 g - 2 throwing nets
 o - 5 tomahawks (quivered)
Armour
 k - a +0 ring mail (worn)
Jewellery
 p - an amulet of clarity (around neck)
Scrolls
 b - a scroll of identify {unknown}
 j - 2 scrolls of fear {unknown}
 m - 3 scrolls of immolation
 n - 2 scrolls of fog {unknown}
 u - a scroll of blinking {unknown}
Potions
 e - 3 potions of curing {unknown}
 i - 2 potions of might {unknown}
 l - a potion of resistance {unknown}
 q - a potion of haste {unknown}
 r - 3 potions of flight {unknown}
 s - a potion of magic {unknown}
 t - a potion of heal wounds {unknown}
Books
 h - a book of Burglary

   Spells                             Type                      Level
   a - Swiftness                      Charms/Air                   2
   b - Passwall                       Transmutation/Earth          3
   c - Passage of Golubria            Translocation                4
   d - Lee's Rapid Deconstruction     Earth                        5
   e - Invisibility                   Hexes                        6
   f - Darkness                       Hexes                        7
   Trog disapproves of the use of such an item.
Comestibles
 c - a bread ration


   Skills:
 - Level 3.2 Fighting
 + Level 10.2 Maces & Flails
 - Level 2.1 Armour
 - Level 1.5 Dodging


You had 7 spell levels left.
You didn't know any spells.

Dungeon Overview and Level Annotations

Branches:
Dungeon (5/15)
 Temple: D:4-7

Altars:
Dithmenos
Makhleb

Shops:
D:5 (


Innate Abilities, Weirdness & Mutations

You are resistant to torment.
Your stone body is resilient (AC +5).
You are immune to poison.
You resist negative energy.
You are resistant to electric shocks.
You can survive without breathing.
You are immune to petrification.
You are immune to rotting.


Message History

Unknown command.
You barely miss the adder.
The adder is almost dead.
The adder misses you.
Unknown command.
The adder bites you but does no damage.
The adder bites you but does no damage. x2
You closely miss the adder.
The adder is almost dead.
The adder bites you but does no damage.
You thump the adder!
The adder explodes!
The fiery explosion engulfs you!
Ouch! That really hurt!
* * * LOW HITPOINT WARNING * * *
The fiery explosion engulfs the centaur.
You kill the centaur!
Trog accepts your kill. x2
You are engulfed in roaring flames.
You die...

#.. #.# .. # #.####
.# <# ####.##.##.#
#.# ...#.#...#.#
#.. ...p.......# ..
##........# §#
###.......# ##§#
.##.##...## #@.#
..#.###.p# #.##
#...##..## #.#
...#...## #.#
..#..### #####.##
.....#######......#
..##......##......#
..#######.........#
<.# ####......#


There were no monsters in sight!

Vanquished Creatures
  Pikel (D:5)
  A phantom (D:4)
  3 centaurs
  2 big kobolds (Sewer)
  An orc wizard (D:4)
  4 worker ants
  An iguana (D:4)
  7 adders
  3 oozes
  2 worms
  2 orcs (D:4)
  A bat (D:2)
  2 giant cockroaches
  2 goblins
  3 hobgoblins
  12 kobolds
  A quokka (D:3)
  5 ball pythons
  3 giant newts
  7 rats
63 creatures vanquished.

Notes
Turn   | Place    | Note
--------------------------------------------------------------
     0 | D:1      | patman the Gargoyle Berserker began the quest for the Orb.
     0 | D:1      | Reached XP level 1. HP: 14/14 MP: 1/1
    69 | D:1      | Reached XP level 2. HP: 19/19 MP: 2/2
   226 | D:2      | Reached skill level 4 in Maces & Flails
   226 | D:2      | Reached XP level 3. HP: 8/23 MP: 3/3
   326 | D:3      | Acquired Trog's second power
   376 | D:4      | Found a burning altar of Makhleb.
   436 | D:4      | Found a shadowy altar of Dithmenos.
   530 | D:5      | Entered Level 5 of the Dungeon
   544 | D:4      | Noticed a centaur
   548 | D:4      | Killed a centaur
   548 | D:4      | Reached skill level 5 in Maces & Flails
   548 | D:4      | Reached XP level 4. HP: 28/28 MP: 4/4
   548 | D:4      | Reached XP level 5. HP: 32/32 MP: 5/5
   558 | D:4      | Reached skill level 6 in Maces & Flails
   602 | D:4      | Noticed a phantom
   656 | D:4      | Killed a phantom
   656 | D:4      | Reached XP level 6. HP: 4/37 MP: 6/6
   706 | D:4      | Reached skill level 7 in Maces & Flails
   930 | D:5      | Found Mohirap's Antique Weapon Shoppe.
   935 | D:5      | Bought a glowing mace for 63 gold pieces
   963 | D:5      | Noticed a slave
   964 | D:5      | Noticed a slave
   965 | D:5      | Noticed Pikel
   966 | D:5      | Noticed a slave
   966 | D:5      | Noticed a slave
   981 | D:5      | Killed Pikel
   981 | D:5      | Reached skill level 9 in Maces & Flails
   981 | D:5      | Reached XP level 7. HP: 34/41 MP: 7/7
   987 | D:5      | Noticed a centaur
   992 | D:5      | Killed a centaur
   992 | D:5      | Reached XP level 8. HP: 24/46 MP: 8/8
  1067 | D:5      | Found a glowing drain.
  1076 | Sewer    | Entered a sewer
  1404 | Sewer    | Reached skill level 10 in Maces & Flails
  1491 | D:5      | Noticed a centaur
  1496 | D:5      | Killed a centaur
  1496 | D:5      | Engulfed by a cloud of flame

Vault maps used:
D:1:      dpeg_arrival_chambers_temple_mockup, serial_forest,
          infiniplex_forest_lined_3, infiniplex_forest_clump_curved,
          infiniplex_forest_lined_2, infiniplex_forest_end_3,
          infiniplex_forest_clump_medium, infiniplex_forest_lined_2,
          evilmike_ruin_ashenzari
D:2:      ecumenical_altar_2, first_bread, serial_forest,
          infiniplex_forest_lined_2, infiniplex_forest_end_1,
          infiniplex_forest_end_1, infiniplex_forest_clump_long,
          minmay_surrounded
D:4:      forest_paths, lemuel_crystal_altar, nicolae_dithmenos_the_darkroom
D:5:      portal_sewer_entry_d, serial_shops, nicolae_shop_statue_plus,
          minivault_19, uniq_pikel, uniq_blork_the_orc
Sewer:    sewer_co_15_rooms

Action                   |  1- 3 |  4- 6 |  7- 9 || total
-------------------------+-------+-------+-------++-------
Melee: Mace              |    91 |    96 |   151 ||   338
Throw: Stone             |       |     9 |       ||     9
Invok: Berserk           |     2 |     2 |       ||     4
  Use: Scroll            |       |       |     1 ||     1
 Stab: Sleeping          |     3 |       |       ||     3
  Eat: Chunk             |       |     3 |     3 ||     6
